 Dungeon Crawl Stone Soup version 0.29.1-12-g30fa7ad0bf (webtiles) character file.

Game seed: 9963761150436344461

121 ThatPearl the Sneak (level 4, -1/35 HPs)
             Began as a Demigod Enchanter on Jan 3, 2023.
             Killed from afar by an orc wizard (5 damage)
             ... with a magic dart
             ... on level 3 of the Dungeon.
             The game lasted 00:07:15 (3484 turns).

ThatPearl the Sneak (Demigod Enchanter)             Turns: 3484, Time: 00:07:16

Health: -1/35      AC:  4    Str: 12    XL:     4   Next: 48%
Magic:  10/10      EV: 12    Int: 21    God:
Gold:   194        SH:  0    Dex: 14    Spells: 2/7 levels left

rFire   . . .      SeeInvis .   l - +7 short sword "Ireestram" {vorpal, rC+ Str+3}
rCold   + . .      Faith    .   (no shield)
rNeg    . . .      Spirit   .   b - +0 robe
rPois   .          Reflect  .   t - +0 helmet
rElec   .          Harm     .   (no cloak)
rCorr   .          Rampage  .   v - +0 pair of gloves
Will    .....                   (no boots)
Stlth   +.........              h - amulet of magic regeneration
HPRegen 0.11/turn               (no ring)
MPRegen 0.52/turn               (no ring)

@: confused
A: high MP 1, forlorn, divine attributes
a: no special abilities


You were on level 3 of the Dungeon.
You visited 1 branch of the dungeon, and saw 3 of its levels.

You collected 194 gold pieces.

Inventory:

Hand Weapons
 a - a +1 dagger
 g - a +0 hand axe
 i - a +0 short sword
 j - a +0 sling
 l - the +7 short sword "Ireestram" (weapon) {vorpal, rC+ Str+3}
   (You found it on level 2 of the Dungeon)

   It inflicts extra damage upon your enemies.
   Str:       It affects your strength (+3).
   rC:        It protects you from cold.
Missiles
 d - 25 stones (quivered)
 q - 3 javelins
Armour
 b - a +0 robe (worn)
 r - a +0 tower shield
 t - a +0 helmet (worn)
 v - a +0 pair of gloves (worn)
Jewellery
 h - an amulet of magic regeneration (around neck)
 m - an amulet of the acrobat
Scrolls
 e - a scroll of vulnerability {unknown}
 f - 2 scrolls of teleportation {unknown}
 n - a scroll of poison {unknown}
 o - a scroll of enchant armour {unknown}
 p - a scroll of identify {unknown}
 s - a scroll of magic mapping {unknown}
 w - a scroll of noise {unknown}
Potions
 c - 2 potions of invisibility
 k - a potion of degeneration {unknown}
 u - 2 potions of ambrosia {unknown}


   Skills:
 + Level 1.5 Fighting
 + Level 2.0 Short Blades
 - Level 1.7 Dodging
 + Level 3.3 Stealth
 + Level 2.4 Spellcasting
 + Level 3.2 Hexes


You had 2 spell levels left.
You knew the following spells:

 Your Spells              Type           Power      Damage    Failure   Level
a - Confusing Touch       Hex            16%        N/A       11%         3
b - Ensorcelled Hibernat  Hex/Ice        18%        N/A       11%         2

Your spell library contained the following spells:

 Spells                   Type           Power      Damage    Failure   Level
 Tukima's Dance           Hex            16%        N/A       11%         3
 Dazzling Flash           Conj/Hex       18%        N/A       22%         3


Dungeon Overview and Level Annotations

Branches:
Dungeon (3/15)


Innate Abilities, Weirdness & Mutations

You have an increased reservoir of magic. (+10% MP)
You shall have no god before yourself.
Your divine heritage dramatically boosts your attributes as you level up.


Message History

You see here a +0 pair of gloves.
v - a +0 pair of gloves You start putting on your armour.
You continue putting on your +0 pair of gloves. x4
You finish putting on your +0 pair of gloves.
w - a scroll labelled NIDOVU QUSTRE You see here a +0 dagger.
An orc wizard comes into view. It is wielding a +0 dagger.
An orc comes into view. It is wielding a +0 short sword.
The orc wizard shouts!
The orc shouts!
An orc wizard comes into view. It is wielding a +0 dagger.
The orc moves out of view.
The orc wizard shouts!
An orc comes into view. It is wielding a +0 trident.
The orc hits you but does no damage. The orc closely misses you.
You puncture the orc wizard!
The orc wizard is severely wounded.
The orc hits you with a +0 trident.
The orc wizard hits you with a +0 dagger.
You completely miss the orc wizard.
The orc wizard is severely wounded.
The orc completely misses you.
The orc wizard points at you and mumbles some strange words.
The puff of flame hits you!
The orc wizard points at you and mumbles some strange words.
You are confused.
You puncture the orc wizard!
You kill the orc wizard!
The orc wizard gestures at you while chanting.
The puff of flame hits you.
Your Short Blades skill increases to level 2!
You miss the orc wizard. The orc barely misses you.
The orc wizard hits you with a +0 dagger.
The orc attacks as you move away! The orc misses you.
The orc hits you from afar with a +0 trident!
* * * LOW HITPOINT WARNING * * *
The orc wizard casts a spell at you. The magic dart hits you.
You die...

.......###.#########
...##### #........<#
......# ###########
.####... ## .# #####
# ###.....
#o..##.##. #oo......
#@####.###
#######.##.....## #
......#.#.......#.#
#...#.......#.#
#......)_.....#
##..#...†...#.#
##.#....†..# #
#.##.....##.#
#.####.####.#


You could see an orc wizard and 2 orcs.

Vanquished Creatures
  Jessica (D:2)
  An orc wizard (D:3)
  4 dart slugs
  2 orcs (D:3)
  6 ball pythons
  6 bats
  2 endoplasms
  A giant cockroach (D:1)
  3 hobgoblins
  5 jackals
  3 kobolds (D:1)
  4 quokkas
  3 frilled lizards
  8 goblins
  7 rats
56 creatures vanquished.

Notes
Turn   | Place    | Note
-------+----------+-------------------------------------------
     0 | D:1      | ThatPearl the Demigod Enchanter began the quest for the
                  | Orb.
     0 | D:1      | Reached XP level 1. HP: 14/14 MP: 5/5
    22 | D:1      | Reached skill level 1 in Short Blades
   411 | D:1      | Reached XP level 2. HP: 8/22 MP: 7/7
   916 | D:1      | Learned a level 2 spell: Ensorcelled Hibernation
  1708 | D:2      | Reached XP level 3. HP: 17/27 MP: 8/8
  1972 | D:2      | Identified the +7 short sword "Ireestram" {vorpal, rC+
                  | Str+3}
  2030 | D:2      | Reached skill level 1 in Fighting
  2116 | D:2      | Learned a level 3 spell: Confusing Touch
  2640 | D:2      | Noticed Jessica
  2646 | D:2      | Killed Jessica
  3057 | D:3      | Reached XP level 4. HP: 28/35 MP: 10/10
  3484 | D:3      | Killed from afar by an orc wizard

Illustrated notes

Levels and vault maps discovered:
D:1:      dpeg_arrival_tiny_c, layout_basic, serial_forest,
          infiniplex_forest_end_2, infiniplex_forest_lined_4_way,
          infiniplex_forest_corner_2, infiniplex_forest_pool
D:2:      layout_basic, ebering_ecumenical_altar_webs, uniq_jessica
D:3:      layout_basic, old_standard_altar, nicolae_tso_carved_into_rock,
          serial_shops, shop

Skill      XL: |  1  2  3  4 |
---------------+-------------+-----
Short Blades   | 1 2 |  2.0
Spellcasting   | 2 |  2.4
Stealth        | 3 |  3.3
Hexes          | 3 |  3.2
Fighting       | 1 |  1.5
Dodging        | |  1.7

Action                   |  1- 3 |  4- 6 || total
-------------------------+-------+-------++-------
Melee: Dagger            |   115 |       ||   115
       Short sword       |    26 |    32 ||    58
 Stab: Sleeping          |     9 |       ||     9
Armor: Robe              |    28 |    17 ||    45
Dodge: Dodged            |    99 |    27 ||   126
